 Dungeon Crawl Stone Soup version 0.18-a0-1745-gffa9a88 (webtiles) character file.

2005 dobroeutro the Blocker (level 9, -3/56 HPs)
             Began as a Gargoyle Fighter on Apr 11, 2016.
             Slain by an ogre
             ... wielding a +0 giant club
              (6 damage)
             ... on level 7 of the Dungeon.
             The game lasted 00:17:38 (5579 turns).

dobroeutro the Blocker (Gargoyle Fighter)           Turns: 5579, Time: 00:17:38

Health: -3/56      AC: 17    Str: 21    XL:     9   Next: 22%
Magic:  9/9        EV:  8    Int: 10    God:
Gold:   347        SH: 11    Dex: 10    Spells: 0 memorised, 8 levels left

rFire  . . .     SeeInvis .     a - +0 flail
rCold  . . .     Gourm    .     b - +0 scale mail
rNeg   + . .     Faith    .     c - +0 shield
rPois  ∞         Spirit   .     (no helmet)
rElec  +         Dismiss  .     (no cloak)
rCorr  .         Reflect  .     m - +0 pair of gloves
SustAt .         Harm     .     v - +1 pair of boots
MR     .....                    (no amulet)
Stlth  ..........               (no ring)
                                p - ring of loudness (curse)

@: not resistant to hostile enchantments, extremely unstealthy
A: negative energy resistance 1, electricity resistance, unbreathing,
petrification resistance, rot immunity, AC +5
a: no special abilities


You were on level 7 of the Dungeon.
You were not hungry.

You visited 2 branches of the dungeon, and saw 8 of its levels.
You also visited: Sewer.

You collected 487 gold pieces.
You spent 140 gold pieces at shops.

Inventory:

Hand Weapons
 a - a +0 flail (weapon)
Armour
 b - a +0 scale mail (worn)
 c - a +0 shield (worn)
 m - a +0 pair of gloves (worn)
 s - the +1 leather armour of Weightlessness {rCorr}
   (You bought it in a shop on level 4 of the Dungeon)

   It protects you from acid and corrosion.
 v - a +1 pair of boots (worn)
Jewellery
 p - a cursed ring of loudness (left hand)
Wands
 B - a wand of flame (40/48)
Scrolls
 e - 7 scrolls of identify {unknown}
 h - a scroll of magic mapping
 i - a scroll of immolation {unknown}
 k - a scroll of random uselessness {unknown}
 l - 2 scrolls of recharging {unknown}
 n - 5 scrolls of remove curse {unknown}
 y - a scroll of enchant armour {unknown}
 D - 2 scrolls of teleportation {unknown}
Potions
 d - a potion of might
 j - 5 potions of agility {unknown}
 o - 2 potions of flight {unknown}
 u - a potion of lignification {unknown}
 x - 10 potions of curing
 z - 2 potions of heal wounds
Books
 w - Sif Muna's Disquisition on Companions
   (You found it on level 6 of the Dungeon)

   Spells                             Type                      Level
   a - Summon Small Mammal            Summoning                    1
Comestibles
 f - 3 bread rations
 g - 3 fruits
 q - a slice of pizza
 r - 2 meat rations
 t - 2 beef jerkies
 A - a royal jelly
 C - a chunk of flesh


   Skills:
 + Level 6.3 Fighting
 + Level 6.0 Maces & Flails
 + Level 6.6 Armour
 - Level 0.1 Dodging
 + Level 8.6 Shields


You had 8 spell levels left.
You didn't know any spells.

Dungeon Overview and Level Annotations

Branches:
Dungeon (7/15)             Temple (1/1) D:4

Altars:
Dithmenos
Elyvilon
Fedhas
Gozag
Kikubaaqudgha
Nemelex Xobeh
Qazlal
Sif Muna
Vehumet
Xom
Yredelemnul
The Shining One

Shops:
D:4 [(*   D:5 %


Innate Abilities, Weirdness & Mutations

You are resistant to torment.
Your stone body is resilient (AC +5).
You are immune to poison.
You resist negative energy.
You are resistant to electric shocks.
You can survive without breathing.
You are immune to petrification.
You are immune to rotting.


Message History

You are too injured to fight recklessly!
You are too injured to fight recklessly!
You are too injured to fight recklessly!
You are too injured to fight recklessly!
You are too injured to fight recklessly!
You barely miss the ogre.
The ogre is severely wounded.
The ogre closely misses you.
You barely miss the ogre.
The ogre is severely wounded.
The ogre hits you with a giant club.
* * * LOW HITPOINT WARNING * * *
You completely miss the ogre.
The ogre is severely wounded.
The ogre hits you with a giant club.
* * * LOW HITPOINT WARNING * * *
You closely miss the ogre.
The ogre is severely wounded.
The ogre hits you with a giant club.
You die...

.............##
#...#
#.####.##...#
#...# #.##...#
#.... #.##...##
#.#..
##.##.....
#.....<.###
#..###..#
#.###..###..#
#..O@.....).#
##..........#
....##..######
##### #....
#.#### #.# #.#
.#


You could see an ogre.

Vanquished Creatures
  The ghost of namelastname112 the Skirmisher, an amateur DrAK of Lugonu (D:3)
  A centaur (D:5)
  A phantom (D:4)
  4 ogres
  A giant frog (D:6)
  A scorpion (D:4)
  A howler monkey (D:6)
  2 crimson imps
  A jelly (D:5)
  A centaur zombie (D:6)
  A giant frog zombie (D:6)
  A hound (D:7)
  A centaur skeleton (D:6)
  2 giant frog skeletons (D:6)
  3 orc priests
  12 orc wizards
  7 worker ants
  A hound zombie (D:6)
  2 worker ant zombies (D:6)
  3 gnolls (D:4)
  14 adders
  6 river rats
  5 oozes
  An adder skeleton (D:4)
  A worm (D:3)
  2 dart slugs
  4 giant geckos
  20 orcs
  2 giant cockroaches
  3 goblins
  5 hobgoblins
  10 jackals
  3 quokkas
  5 ball pythons
  4 bats
  2 giant gecko skeletons
  4 giant newts
  19 kobolds
  A quokka skeleton (D:6)
  26 rats
184 creatures vanquished.

Notes
Turn   | Place    | Note
--------------------------------------------------------------
     0 | D:1      | dobroeutro the Gargoyle Fighter began the quest for the Orb.
     0 | D:1      | Reached XP level 1. HP: 14/14 MP: 1/1
    67 | D:1      | Reached XP level 2. HP: 19/19 MP: 2/2
   599 | D:2      | Reached XP level 3. HP: 23/23 MP: 3/3
  1111 | D:2      | Found an opulent altar of Gozag.
  1111 | D:2      | Found a sparkling altar of Nemelex Xobeh.
  1179 | D:3      | Reached skill level 4 in Shields
  1179 | D:3      | Reached XP level 4. HP: 27/29 MP: 4/4
  1270 | D:3      | Noticed namelastname112's ghost (amateur DrAK)
  1291 | D:3      | Killed namelastname112's ghost
  1291 | D:3      | Reached XP level 5. HP: 28/33 MP: 5/5
  1648 | D:3      | Reached XP level 6. HP: 36/38 MP: 6/6
  1750 | D:3      | Reached skill level 5 in Shields
  2024 | D:4      | Noticed a phantom
  2066 | D:4      | Killed a phantom
  2106 | D:4      | Found a white marble altar of Elyvilon.
  2255 | D:4      | Reached XP level 7. HP: 42/44 MP: 7/7
  2338 | D:4      | Found Voyt's Weapon Shop.
  2393 | D:4      | Found Duocofuq's General Store.
  2415 | D:4      | Found Hacs's Antique Armour Boutique.
  2425 | D:4      | Bought a translucent leather armour for 140 gold pieces
  2435 | D:4      | Identified the +1 leather armour of Weightlessness {rCorr} (You bought it in a shop on level 4 of the Dungeon)
  2525 | D:4      | Found a staircase to the Ecumenical Temple.
  2566 | D:4      | Reached skill level 5 in Armour
  2566 | D:4      | Reached skill level 6 in Shields
  2603 | Temple   | Entered the Ecumenical Temple
  2913 | D:4      | Found a basalt altar of Yredelemnul.
  3013 | D:5      | Entered Level 5 of the Dungeon
  3074 | D:5      | Found Juasez's Food Shop.
  3087 | D:5      | Reached skill level 5 in Fighting
  3533 | D:5      | Reached XP level 8. HP: 35/49 MP: 8/8
  3924 | D:6      | Found a radiant altar of Vehumet.
  3939 | D:6      | Reached skill level 7 in Shields
  3942 | D:6      | Found an ancient bone altar of Kikubaaqudgha.
  3951 | D:6      | Found a deep blue altar of Sif Muna.
  4024 | D:6      | Identified Sif Muna's Disquisition on Companions
  4093 | D:6      | Found a glowing drain.
  4130 | Sewer    | Entered a sewer
  4464 | Sewer    | Reached skill level 5 in Maces & Flails
  4816 | D:6      | Reached skill level 8 in Shields
  4969 | D:6      | Reached XP level 9. HP: 17/55 MP: 9/9
  5579 | D:7      | Slain by an ogre

Vault maps used:
D:1:      sevenhm_arrival_forest_fort_large_2
D:2:      grunt_temple_overflow_opulence
D:3:      lemuel_upstairs_altar
D:4:      kennysheep_ying_yang, temple_green, serial_shops, shop,
          nicolae_shop_overgrown_old_shop, shop, minivault_19
D:5:      serial_shops, kennysheep_little_box, first_bread
D:6:      palyth_temple_overflow_mages, serial_undead, serial_undead_e,
          serial_undead_b, serial_undead_a, serial_undead_b, serial_undead_b,
          serial_undead_c, portal_sewer_entry_a
D:7:      zin_angel, minitemple
Temple:   nicolae_temple_hex_pool_5
Sewer:    sewer_minmay_treatment

Skill      XL: |  1  2  3  4  5  6  7  8  9 |
---------------+----------------------------+-----
Fighting       | 4 5 6 |  6.3
Armour         | 4 5 6 |  6.6
Shields        | 4 5 6 8 |  8.6
Maces & Flails | 3 4 5 6 |  6.0
Dodging        | |  0.1

Action                   |  1- 3 |  4- 6 |  7- 9 || total
-------------------------+-------+-------+-------++-------
Melee: Flail             |   122 |   243 |   590 ||   955
  Use: Potion            |       |       |     4 ||     4
       Scroll            |       |       |     1 ||     1
  Eat: Chunk             |       |     5 |    13 ||    18
